 Dungeon Crawl Stone Soup version 0.31-a0-4-gefa6de2278 (webtiles) character file.

Game seed: 5486106349880326854

5224 Jackthecabe the Thaumaturge (level 10, 0/76 HPs)
             Began as a Djinni Hedge Wizard on May 5, 2023.
             Was a Follower of Uskayaw.
             Slain by a five-headed hydra (5 damage)
             ... on level 8 of the Dungeon.
             The game lasted 00:33:27 (12204 turns).

Jackthecabe the Thaumaturge (Djinni Hedge Wizard)  Turns: 12204, Time: 00:33:28

Health: 0/76       AC: 12    Str:  9    XL:     10   Next: 92%
Gold:   176        EV:  8    Int: 26    God:    Uskayaw [*.....] SH:  0 Dex: 13

rFire   + + .        q - +2 dagger (venom)
rCold   x . .        (no shield)
rNeg    + . .        A - +3 scale mail {rN+}
rPois   ∞            u - +1 helmet
rElec   .            y - +0 cloak
rCorr   .            (no gloves)
SInv    .            (boots unavailable)
Will    ++...        (no amulet) Stlth
                     W - ring of willpower
HPRegen 0.32/turn    I - +6 ring of intelligence
MPRegen 0.00/turn

%: infuse magic (-1 HP)
@: flying
A: sickness immunity, fire resistance 2, cold vulnerability 1, float, innate
caster, HP casting, extra vitality 1
a: Renounce Religion, Stomp


You were on level 8 of the Dungeon.
You worshipped Uskayaw.
Uskayaw was noncommittal.
You visited 1 branch of the dungeon, and saw 8 of its levels.

You collected 445 gold pieces.
You spent 269 gold pieces at shops.


Innate Abilities, Weirdness & Mutations

You are immune to sickness and miasma.
You are immune to poison.
Your flesh is very heat resistant. (rF++)
You are vulnerable to cold. (rC-)
You float through the air rather than walking.
You learn spells naturally, not from books.
Your magical power is your life essence.
You have superior vitality. (+4 MHP)


   Skills:
 - Level 8.0 Fighting
 - Level 4.0 Short Blades
 - Level 2.1 Dodging
 - Level 1.5 Stealth
 + Level 9.6 Spellcasting
 - Level 2.0 Invocations
 - Level 2.0 Evocations


You knew the following spells:

 Your Spells              Type           Power      Damage    Failure   Level
a - Apportation           Tloc           100%       N/A       1%          1
c - Call Imp              Summ           100%       N/A       1%          2
d - Mephitic Cloud        Conj/Pois/Air  58%        N/A       2%          3
m - Magic Dart            Conj           100%       1d8       1%          1
p - Poisonous Vapours     Pois/Air       100%       N/A       1%          2
r - Searing Ray           Conj           100%       2d8       1%          2
s - Slow                  Hex            100%       N/A       1%          1
y - Sticky Flame          Conj/Fire      58%        2d7       8%          4
B - Blink                 Tloc           100%       N/A       1%          2
Your spell library was empty.

Inventory:

Hand Weapons
 a - a +0 dagger
 q - a +2 dagger of venom (weapon)
Armour
 b - a +0 robe
 c - a +0 hat
 u - a +1 helmet (worn)
 y - a +0 cloak (worn)
 A - a +3 scale mail of positive energy (worn)
 G - a +0 buckler
Jewellery
 I - a +6 ring of intelligence (right hand)
 W - a ring of willpower (left hand)
 Z - a ring of wizardry
Wands
 s - a wand of mindburst (12)
 B - a wand of flame (26)
 K - a wand of charming (1)
Scrolls
 d - a scroll of amnesia {unknown}
 e - 3 scrolls of enchant weapon {unknown}
 f - 2 scrolls of noise {unknown}
 g - a scroll of butterflies {unknown}
 h - 2 scrolls of magic mapping {unknown}
 j - 2 scrolls of silence {unknown}
 k - 7 scrolls of teleportation {@r2}
 n - a scroll of blinking {unknown}
 r - 4 scrolls of fear
 v - a scroll of poison {unknown}
 C - a scroll of fog
 D - a scroll of immolation
 E - 2 scrolls of enchant armour
 H - 2 scrolls of identify {@r1}
Potions
 i - a potion of resistance {unknown}
 l - 3 potions of degeneration
 m - 2 potions of invisibility
 o - a potion of haste {unknown}
 p - a potion of heal wounds {unknown}
 t - a potion of cancellation {unknown}
 w - 2 potions of brilliance {unknown}
 x - 8 potions of curing {@q1}
 z - a potion of mutation {unknown}
 F - a potion of flight {unknown}
 J - a potion of ambrosia {unknown}
 L - a potion of berserk rage {unknown}

Dungeon Overview and Level Annotations

Branches:
Dungeon (8/15)             Temple (0/1) D:6
   Lair: D:8-11

Altars:
Nemelex Xobeh
Okawaru
Uskayaw
Xom
Yredelemnul
Zin
The Shining One

Shops:
D:5 : D:6

?
#......)...###.#.#.#.#########
#..........+.#.#.#.#..D......#
...........#.#.#.#.#########o#
...#....#'#.<#.#.#.# #D#
.########.####.#.#.# #.#
.#..#).'.......#.#.# #.#
.#..'.[#########.#.# #.#
.######## #.#.# #.# ## #.#
#@#.#########.# #.#
#D#......Do...# #.#
#.############# #.# #.#
#.########.# #..........#
############


You could see a five-headed hydra.


Message History

The five-headed hydra burns!
The five-headed hydra burns!
The five-headed hydra burns!
The five-headed hydra burns!
Your magical contamination has completely faded away.
The five-headed hydra burns!
The five-headed hydra burns!
The five-headed hydra burns!
The five-headed hydra burns!
The five-headed hydra burns!
The five-headed hydra stops burning.
Aiming: Mindburst
Press: ? - help, Shift-Dir - straight line, f/p - five-headed hydra
Aim: a five-headed hydra (severely wounded, chance to affect: 39%)
The five-headed hydra resists with some effort.
Unknown command.
Aiming: Mindburst
Press: ? - help, Shift-Dir - straight line, f/p - five-headed hydra
Aim: a five-headed hydra (severely wounded, chance to affect: 39%)
The five-headed hydra resists with some effort.
The five-headed hydra bites you. The five-headed hydra bites you!
* * * LOW HITPOINT WARNING * * *
The five-headed hydra bites you but does no damage. x2
The five-headed hydra bites you!
* * * LOW HITPOINT WARNING * * *
Unknown command.
The five-headed hydra attacks as you move away!
The five-headed hydra bites you!
* * * LOW HITPOINT WARNING * * *
The five-headed hydra bites you.
You die...

Skill      XL: |  1  2  3  4  5  6  7  8  9 10 |
---------------+-------------------------------+-----
Spellcasting   | 3 4 7 9 |  9.6
Invocations    | 1 2 |  2.0
Fighting       | 2 4 6 8 |  8.0
Evocations     | 1 2 |  2.0
Short Blades   | 3 4 |  4.0
Dodging        | |  2.1
Stealth        | |  1.5

Action                     |  1- 3 |  4- 6 |  7- 9 | 10-12 || total
---------------------------+-------+-------+-------+-------++-------
  Melee: Dagger            |       |     4 |    57 |    24 ||    85
         Punch             |       |       |     1 |       ||     1
   Cast: Magic Dart        |    59 |   101 |    31 |    24 ||   215
         Call Imp          |     2 |    12 |    10 |     2 ||    26
         Mephitic Cloud    |       |     4 |    11 |    10 ||    25
         Poisonous Vapours |       |    21 |    87 |    34 ||   142
         Searing Ray       |       |       |    38 |     9 ||    47
         Slow              |       |       |     2 |     3 ||     5
         Sticky Flame      |       |       |       |    13 ||    13
         Blink             |       |       |       |     1 ||     1
  Evoke: Wand              |       |       |       |     2 ||     2
    Use: Scroll            |       |       |     3 |       ||     3
   Stab: Paralysed         |       |       |     2 |       ||     2
         Distracted        |       |       |     1 |       ||     1
 Armour: Robe              |       |     8 |     5 |       ||    13
         Scale mail        |       |       |    42 |    35 ||    77
  Dodge: Dodged            |     3 |    19 |    45 |    36 ||   103

Levels and vault maps discovered:
D:1:      dpeg_arrival_rhombus, layout_basic
D:2:      layout_rooms, ebering_ecumenical_altar_webs, minmay_misc_feat_roman
D:3:      layout_basic
D:4:      layout_loops_ring, kennysheep_mini, uniq_robin, uniq_natasha
D:5:      layout_rooms, mainiacjoe_overflow_24_doors, fiery_altar_vehumet,
          minitemple, serial_co_window_serial, co_window_paths_a,
          co_window_corner_a, co_window_paths_a, co_window_corner_a,
          co_window_of_opportunity_a, co_window_corner_a, co_window_paths_b,
          co_window_of_opportunity_c, co_window_unsneaky_path_d,
          co_window_2corner, co_window_corner_b, co_window_paths_c,
          co_window_of_opportunity_b, co_window_corner_ca, co_window_4corner_a,
          glass_columns_b, glass_columns_a, nicolae_shop_self_help,
          uniq_menkaure, uniq_duvessa, uniq_blork_the_orc
D:6:      layout_basic, mainiacjoe_overflow_paths,
          chequers_temple_overflow_minitemple, minmay_temple_entry_wispy,
          serial_shops, shop, eino_curves_03
D:7:      layout_basic
D:8:      layout_basic, corexii_mini_fake_secret_closet, minmay_pinched_square,
          uniq_psyche

Notes
Turn   | Place    | Note
-------+----------+-------------------------------------------
     0 | D:1      | Jackthecabe the Djinni Hedge Wizard began the quest for the
                  | Orb.
     0 | D:1      | Jackthecabe set off with the following spells memorised:
                  | Magic Dart, Slow, Blink, Call Imp, Mephitic Cloud.
     0 | D:1      | Reached XP level 1. HP: 15/15 MP: 0/0
   117 | D:1      | Reached XP level 2. HP: 17/21 MP: 0/0
   258 | D:1      | Reached skill level 3 in Spellcasting
   329 | D:1      | Reached XP level 3. HP: 20/25 MP: 0/0
   329 | D:1      | Learned a level 1 spell: Apportation
   729 | D:2      | Reached XP level 4. HP: 22/31 MP: 0/0
   949 | D:2      | Found a faded altar of an unknown god.
   960 | D:2      | Prayed at the altar of an unknown god.
   960 | D:2      | Became a worshipper of Uskayaw the Reveller
   960 | D:2      | Reached * piety under Uskayaw
  1040 | D:2      | Reached ** piety under Uskayaw
  1213 | D:2      | Reached skill level 4 in Spellcasting
  1410 | D:3      | Reached skill level 1 in Invocations
  1410 | D:3      | Reached XP level 5. HP: 28/35 MP: 0/0
  1410 | D:3      | Learned a level 2 spell: Poisonous Vapours
  1595 | D:3      | Noticed an ogre
  1609 | D:3      | Killed an ogre
  1610 | D:3      | Reached skill level 2 in Invocations
  1610 | D:3      | Reached skill level 2 in Fighting
  1610 | D:3      | Reached XP level 6. HP: 35/45 MP: 0/0
  1892 | D:3      | Reached skill level 3 in Fighting
  2563 | D:4      | Noticed Natasha
  2571 | D:3      | Killed Natasha
  2572 | D:3      | Reached skill level 4 in Fighting
  2853 | D:3      | Noticed Natasha
  2860 | D:3      | Killed Natasha
  2861 | D:3      | Reached skill level 1 in Evocations
  4247 | D:3      | Noticed Natasha
  4257 | D:3      | Killed Natasha
  4258 | D:3      | Reached XP level 7. HP: 41/52 MP: 0/0
  4258 | D:3      | Learned a level 2 spell: Searing Ray
  4567 | D:4      | Noticed Robin
  4692 | D:4      | Killed Robin
  4693 | D:4      | Reached skill level 2 in Evocations
  4991 | D:4      | You are sucked into a shaft and drop 1 floor!
  4991 | D:5      | Entered Level 5 of the Dungeon
  5139 | D:5      | Found Buos's Self-Improvement Boutique.
  5148 | D:5      | Noticed Menkaure
  5187 | D:4      | Reached *** piety under Uskayaw
  5200 | D:4      | Reached **** piety under Uskayaw
  5205 | D:4      | Reached skill level 5 in Fighting
  5209 | D:4      | Reached ***** piety under Uskayaw
  5788 | D:4      | Found a sparkling altar of Nemelex Xobeh.
  6058 | D:5      | Reached skill level 6 in Fighting
  6058 | D:5      | Reached XP level 8. HP: 58/62 MP: 0/0
  6316 | D:5      | Noticed Blork the orc
  6323 | D:5      | Killed Blork the orc
  6324 | D:5      | Reached skill level 7 in Fighting
  6672 | D:5      | Reached skill level 8 in Fighting
  6813 | D:5      | Reached skill level 1 in Short Blades
  6914 | D:5      | Reached skill level 2 in Short Blades
  7216 | D:5      | Noticed Duvessa
  7216 | D:5      | Noticed Dowan
  7240 | D:5      | Killed Duvessa
  7241 | D:5      | Reached skill level 3 in Short Blades
  7249 | D:5      | Killed Dowan
  7250 | D:5      | Reached XP level 9. HP: 54/70 MP: 0/0
  7250 | D:5      | Learned a level 4 spell: Sticky Flame
  7377 | D:5      | Found an iron altar of Okawaru.
  7378 | D:5      | Found a glowing silver altar of Zin.
  7416 | D:5      | Killed Menkaure
  7743 | D:6      | Reached skill level 4 in Short Blades
  7927 | D:6      | Found Ucsieq's Magic Scroll Shoppe.
  7935 | D:6      | Bought a scroll of fear for 44 gold pieces
  7935 | D:6      | Bought a scroll of identify for 22 gold pieces
  7935 | D:6      | Bought a scroll of fog for 44 gold pieces
  7935 | D:6      | Bought a scroll of immolation for 44 gold pieces
  7935 | D:6      | Bought a scroll of teleportation for 33 gold pieces
  7935 | D:6      | Bought a scroll of enchant armour for 82 gold pieces
  8084 | D:6      | Reached skill level 5 in Spellcasting
  8172 | D:6      | Found a staircase to the Ecumenical Temple.
  8500 | D:6      | Reached skill level 6 in Spellcasting
  8788 | D:6      | Found a faded altar of an unknown god.
  8788 | D:6      | Found a shimmering altar of Xom.
  8795 | D:6      | Found a faded altar of an unknown god.
  8797 | D:6      | Found a glowing golden altar of the Shining One.
  8799 | D:6      | Found a basalt altar of Yredelemnul.
  9549 | D:7      | Reached skill level 7 in Spellcasting
  9549 | D:7      | Reached XP level 10. HP: 70/76 MP: 0/0
 10820 | D:8      | Reached skill level 8 in Spellcasting
 10910 | D:8      | Noticed Psyche
 10918 | D:8      | Killed Psyche
 10987 | D:8      | Noticed a five-headed hydra
 11630 | D:7      | Reached skill level 9 in Spellcasting
 11794 | D:8      | Noticed a boulder beetle
 11819 | D:8      | Killed a boulder beetle
 12204 | D:8      | HP: 5/76 [five-headed hydra (12)]
 12204 | D:8      | Slain by a five-headed hydra

Vanquished Creatures
  A boulder beetle (D:8)
  Psyche (D:8)
  A hornet (D:7)
  A wyvern (D:7)
  A steam dragon (D:7)
  A yak (D:7)
  Menkaure (D:5)
  A water moccasin (D:6)
  Duvessa (D:5)
  A black bear (D:7)
  2 orc warriors (D:7)
  2 ice beasts
  2 sky beasts
  3 ogres
  7 centaurs
  5 phantoms
  A kobold brigand (D:7)
  Blork the orc (D:5)
  3 bullfrogs
  2 scorpions (D:6)
  A wight (D:8)
  Dowan (D:5)
  A howler monkey (D:5)
  3 hounds
  5 orc priests
  Natasha (thrice) (D:3)
  4 iguanas
  2 sleepcaps
  7 orc wizards
  5 gnolls
  8 adders
  A shadow imp (D:8)
  An ufetubus (D:6)
  A worm (D:2)
  28 orcs
  7 bats
  5 endoplasms
  4 giant cockroaches
  12 goblins
  5 hobgoblins
  6 jackals
  4 quokkas
  2 ball pythons
  4 frilled lizards
  11 kobolds
  9 rats
178 creatures vanquished.

Vanquished Creatures (collateral kills)
  An ogre (D:5)
  Robin (D:4)
  3 gnolls
  2 worms (D:2)
  An orc (D:3)
  An endoplasm (D:2)
  A hobgoblin (D:4)
  A ball python (D:2)
  A goblin (D:3)
12 creatures vanquished.

Vanquished Creatures (others)
  A sleepcap (D:5)
1 creature vanquished.

Grand Total: 191 creatures vanquished

Table legend: (Time is in decaauts)
 A = Elapsed time spent in this place.
 B = Non-inter-level travel time spent in this place.
 C = Inter-level travel time spent in this place.
 D = Time resting spent in this place.
 E = Time spent auto-exploring this place.
 F = Levels seen in this place.
 G = Mean time per level.
                   A        B        C        D        E       F      G
               +--------+--------+--------+--------+--------+-----+--------+
         Total |  12195 |  11832 |    363 |   2678 |   7509 |   8 | 1524.4 |
       Dungeon |  12195 |  11832 |    363 |   2678 |   7509 |   8 | 1524.4 |
               +--------+--------+--------+--------+--------+-----+--------+

Top non-repeatable levels by time:
     D:3: 3290 daAuts
     D:7: 2316 daAuts
     D:5: 1943 daAuts
     D:6: 1595 daAuts
     D:4: 1063 daAuts
     D:2: 678 daAuts
     D:1: 672 daAuts
     D:8: 633 daAuts

Table legend:
 A = Non-vault XP
 B = Vault XP
 C = Vault XP percentage of total XP
 D = Non-vault monster count
 E = Vault monster count
 F = Vault count percentage of total count
                 A         B        C        D         E       F
            +---------+---------+-------+---------+---------+-------
      Total |    4753 |    2710 |  36.3 |     163 |      27 |  14.2
            +---------+---------+-------+---------+---------+-------
        D:1 |      49 |       0 |   0.0 |      23 |       0 |   0.0
        D:2 |      80 |       0 |   0.0 |      23 |       0 |   0.0
        D:3 |     370 |      38 |   9.3 |      23 |       2 |   8.0
        D:4 |     353 |      36 |   9.3 |      17 |      12 |  41.4
        D:5 |     807 |     477 |  37.1 |      16 |       4 |  20.0
        D:6 |    1403 |       0 |   0.0 |      26 |       0 |   0.0
        D:7 |    1300 |     669 |  34.0 |      30 |       3 |   9.1
        D:8 |     391 |    1490 |  79.2 |       5 |       6 |  54.5
            +---------+---------+-------+---------+---------+-------
